 Dungeon Crawl Stone Soup version 0.24-a0-434-gd57e52fea8 (webtiles) character file.

Game seed: 17633639328948105491

2992 Azzok the Cleaver (level 10, -12/69 (70) HPs)
             Began as a Formicid Fighter on June 16, 2019.
             Was a Believer of Okawaru.
             Mangled by a white ugly thing (13 damage)
             ... on level 14 of the Dungeon.
             The game lasted 00:13:23 (8196 turns).

Azzok the Cleaver (Formicid Fighter)                Turns: 8196, Time: 00:13:24

HP:   -12/69 (70)   AC: 12    Str: 25    XL:     10   Next: 9%
MP:   16/16         EV:  6    Int:  7    God:    Okawaru [**....]
Gold: 336           SH: 12    Dex: 13    Spells: 9/9 levels left

rFire    + . .     SeeInvis +   e - +2 spear (pierce)
rCold    . . .     Gourm    .   c - +0 shield
rNeg     . . .     Faith    .   z - +0 plate armour
rPois    +         Spirit   .   (helmet unavailable)
rElec    .         Reflect  .   (no cloak)
rCorr    .         Harm     .   (no gloves)
MR       +....                  u - +0 pair of boots
Stlth    ..........             A - amulet "Vyucvohe" {Acrobat rPois Dex-3 Stlth+}
HPRegen  0.21/turn              v - +6 ring of dexterity
MPRegen  0.15/turn              q - ring of protection from fire

@: no status effects
A: permanent stasis, dig shafts and tunnels, four strong arms, antennae 3
a: Dig, Shaft Self, Heroism, Renounce Religion


You were on level 14 of the Dungeon.
You worshipped Okawaru.
Okawaru was pleased with you.
You were not hungry.

You visited 2 branches of the dungeon, and saw 13 of its levels.

You collected 336 gold pieces.

Inventory:

Hand Weapons
 a - a +0 war axe
 e - a +2 spear of piercing (weapon)
 p - a +1 dagger of venom
Armour
 c - a +0 shield (worn)
 u - a +0 pair of boots (worn)
 z - a +0 plate armour (worn)
Jewellery
 q - a ring of protection from fire (right hand)
 v - a +6 ring of dexterity (left hand)
 A - the amulet "Vyucvohe" (around neck) {Acrobat rPois Dex-3 Stlth+}
   (You found it on level 5 of the Dungeon)

   [amulet of the acrobat]

   It helps you evade while moving and waiting.
   It affects your dexterity (-3).
   It protects you from poison.
   It makes you more stealthy.
Wands
 w - a wand of flame (24)
 y - a wand of clouds (3)
 C - a wand of paralysis (8)
 H - a wand of acid (6)
Scrolls
 j - 4 scrolls of amnesia {unknown}
 l - 5 scrolls of remove curse
 m - 2 scrolls of fear {unknown}
 n - 2 scrolls of enchant armour
 o - 6 scrolls of magic mapping {unknown}
 s - a scroll of enchant weapon
 B - 2 scrolls of teleportation {unknown}
 D - a scroll of blinking {unknown}
 G - 2 scrolls of immolation {unknown}
Potions
 b - 4 potions of heal wounds
 g - 6 potions of curing
 h - a potion of berserk rage {unknown}
 i - a potion of resistance
 k - 3 potions of lignification
 r - a potion of flight
 x - a potion of invisibility
 F - a potion of mutation {!q}
Comestibles
 d - 3 chunks of flesh
 f - 14 rations


   Skills:
 - Level 3.2 Fighting
 + Level 9.4 Axes
 - Level 3.2 Armour
 - Level 9.0 Shields
 + Level 8.1 Invocations


You had 9 spell levels left.
You didn't know any spells.
Your spell library was empty.

Dungeon Overview and Level Annotations

Branches:
Dungeon (15/15)            Temple (1/1) D:4
   Lair: D:8-11         Orc: D:9-12      Vaults: D:13-14     Depths: D:15

Altars:
Ashenzari
Cheibriados
Dithmenos
Fedhas
Hepliaklqana
Kikubaaqudgha
Makhleb
Nemelex Xobeh
Okawaru
Qazlal
Ru
Sif Muna
Uskayaw
Vehumet
Wu Jian
Xom
Yredelemnul
The Shining One

Shops:
D:8 %

Annotations:
D:6 3 runed translucent doors, Lanoc's ghost, novice TrFi
D:7 2 transporters, pyroka's ghost, novice DrFE
D:8 Psyche
D:15 Erica; Louise; Urug


Innate Abilities, Weirdness & Mutations

You cannot be hasted, slowed, berserked, paralysed or teleported.
You can dig through walls and to a lower floor.
Your four strong arms can wield two-handed weapons with a shield.
You have a pair of large antennae on your head. (SInv)


Message History

There is a stone staircase leading up, spattered with blood here.
You see here a javelin.
The white ugly thing basks in the mutagenic energy from its kin and changes!
The white ugly thing trunk-slaps you but does no damage.
You climb upwards.
Found a scroll labeled DIOWIG OVIOLA.
There is a stone staircase leading down here.
You see here a scroll labeled DIOWIG OVIOLA.
B - 2 scrolls labeled DIOWIG OVIOLA (gained 1)
The white ugly thing trunk-slaps you but does no damage.
You closely miss the white ugly thing. The white ugly thing trunk-slaps you.
The white ugly thing freezes you!
* * * LOW HITPOINT WARNING * * *
You closely miss the white ugly thing.
You block the white ugly thing's attack.
Your plate armour prevents you from hitting the white ugly thing.
The white ugly thing trunk-slaps you!
* * * LOW HITPOINT WARNING * * *
The white ugly thing freezes you!
You die...

╬·· ▒··▒ ··· ▒··▒▒··▒
···· ▒······▒ ··▒
▒▒▒▒▒······▒ ···▒
···········▒▒▒▒▒▒···▒
▒··················▒
▒··················▒
▒·····>·····▒u·····▒
▒····▒······▒@·····▒
····· ▒······▒······▒
····
················· ▒▒▒
▒▒▒▒▒▒▒▒▒▒▒▒▒▒▒▒▒▒


You could see a white ugly thing.

Vanquished Creatures
  A manticore (D:7)
  A centaur zombie (D:15)
  A hippogriff (D:3)
  An ice beast (D:8)
  A necrophage (D:6)
  An orc warrior (D:8)
  2 ogres
  3 centaurs
  A crocodile (D:15)
  A wyvern zombie (D:4)
  A scorpion (D:6)
  3 killer bees (D:8)
  A howler monkey (D:4)
  A crimson imp (D:6)
  4 orc priests
  5 hounds
  2 iguanas (D:7)
  Natasha (thrice) (D:3)
  4 orc wizards
  A killer bee zombie (D:5)
  6 worker ants
  Robin (D:3)
  6 gnolls
  13 adders
  3 river rats (D:3)
  4 shadow imps
  An ooze (D:4)
  An adder skeleton (D:4)
  3 adder zombies
  4 worms
  2 dart slugs (D:3)
  5 leopard geckos
  20 orcs
  A ball python (D:5)
  4 giant cockroaches
  14 goblins
  15 hobgoblins
  8 jackals
  9 kobolds
  A quokka (D:2)
  8 bats
  8 frilled lizards
  A leopard gecko zombie (D:7)
  3 quokka zombies
  4 rats
183 creatures vanquished.

Notes
Turn   | Place    | Note
-------+----------+-------------------------------------------
     0 | D:1      | Azzok the Formicid Fighter began the quest for the Orb.
     0 | D:1      | Reached XP level 1. HP: 18/18 MP: 1/1
   173 | D:1      | Reached XP level 2. HP: 20/24 MP: 2/2
   459 | D:1      | Reached XP level 3. HP: 29/29 MP: 3/3
   777 | D:1      | Reached XP level 4. HP: 35/35 MP: 4/4
  1204 | D:2      | Found a deep blue altar of Sif Muna.
  1330 | D:2      | Reached skill level 5 in Shields
  1343 | D:2      | Reached XP level 5. HP: 39/41 MP: 5/5
  2016 | D:3      | Noticed Natasha
  2024 | D:3      | Killed Natasha
  2053 | D:3      | Noticed Natasha
  2060 | D:3      | Killed Natasha
  2060 | D:3      | Reached XP level 6. HP: 47/47 MP: 6/6
  2469 | D:3      | Noticed an ogre
  2482 | D:3      | Killed an ogre
  2515 | D:3      | Noticed a hippogriff
  2537 | D:3      | Killed a hippogriff
  2537 | D:3      | Reached skill level 5 in Axes
  2537 | D:3      | Reached XP level 7. HP: 24/52 MP: 7/7
  2717 | D:3      | Noticed Robin
  2745 | D:3      | Killed Robin
  3451 | D:3      | Noticed Natasha
  3457 | D:3      | Killed Natasha
  3697 | D:4      | Reached XP level 8. HP: 43/58 MP: 8/8
  3864 | D:4      | Found a staircase to the Ecumenical Temple.
  3919 | Temple   | Entered the Ecumenical Temple
  4061 | Temple   | Became a worshipper of Warmaster Okawaru
  4193 | D:4      | Reached skill level 1 in Invocations
  4548 | D:5      | Entered Level 5 of the Dungeon
  5318 | D:5      | Got a faintly glowing lead amulet
  5319 | D:5      | Identified the amulet "Vyucvohe" {Acrobat rPois Dex-3
                  | Stlth+} (You found it on level 5 of the Dungeon)
  5370 | D:5      | Found a radiant altar of Vehumet.
  5471 | D:5      | Found a hide-covered altar of Uskayaw.
  5516 | D:5      | Reached * piety under Okawaru
  5679 | D:5      | Reached XP level 9. HP: 60/64 MP: 10/12
  5958 | D:6      | Found a runed translucent gate.
  5958 | D:6      | Found a runed translucent gate.
  5958 | D:6      | Found a runed translucent gate.
  5959 | D:6      | Noticed Lanoc's ghost (novice TrFi)
  6306 | D:6      | Reached skill level 5 in Invocations
  6756 | D:7      | Found a transporter.
  6763 | D:7      | Noticed a manticore
  6801 | D:7      | Killed a manticore
  6801 | D:7      | Reached ** piety under Okawaru
  7101 | D:7      | Found a transporter.
  7125 | D:7      | Noticed pyroka's ghost (novice DrFE)
  7446 | D:8      | Found Tichege's Food Shoppe.
  7783 | D:8      | Noticed Psyche
  7792 | D:8      | Noticed a hippogriff
  7804 | D:8      | You fall into a shaft and drop 3 floors!
  7805 | D:11     | Noticed a red ugly thing
  7809 | D:11     | You fall into a shaft and drop 1 floor!
  7809 | D:12     | Noticed a deep elf mage
  7813 | D:12     | You fall into a shaft and drop 3 floors!
  7813 | D:15     | Entered Level 15 of the Dungeon
  7866 | D:15     | Reached XP level 10. HP: 46/69 MP: 14/16
  8175 | D:15     | Noticed Erica
  8175 | D:15     | Noticed a wizard
  8175 | D:15     | Noticed Urug
  8176 | D:15     | Noticed Louise
  8176 | D:15     | Noticed an orc knight
  8177 | D:15     | Noticed a +5 triple sword
  8179 | D:15     | Noticed a white ugly thing
  8181 | D:15     | Noticed a white ugly thing
  8181 | D:15     | Noticed a white ugly thing
  8182 | D:15     | Noticed a white ugly thing
  8182 | D:15     | Noticed a white ugly thing
  8182 | D:15     | Noticed a white ugly thing
  8196 | D:14     | HP: 1/69 [white ugly thing (7)]
  8196 | D:14     | Mangled by a white ugly thing

Levels and vault maps discovered:
D:1:      kilobyte_arrival_exit_the_forest, layout_basic, minmay_misc_feat_chi
D:2:      layout_basic, serial_curves, eino_curves_01, eino_curves_01,
          lemuel_blue_sif_altar
D:3:      layout_rooms, lightli_sewer_entry_pipes, minmay_quantized,
          uniq_natasha, uniq_robin
D:4:      layout_loops_ring, minmay_temple_entry_grid
D:5:      layout_gridville, kennysheep_little_box, vehumet_altar_wand_db,
          first_ration
D:6:      layout_basic, gammafunk_ghost_split
D:7:      layout_rooms, gammafunk_ghost_mausoleum, minmay_checkerbox
D:8:      layout_rooms, erik_lair_orcish_takeover, serial_shops,
          nicolae_shop_waterfront, basic_altar, hangedman_little_slice_of_home,
          zaba_antful_of_joy, uniq_maurice, uniq_psyche, uniq_prince_ribbit1
D:11:     layout_rooms, gauntlet_entry_generic, xom_teletrap_fun
D:12:     layout_cave_pods, basic_altar
D:14:     layout_stronghold, hangedman_decor_lopped
D:15:     gammafunk_depths_entry_grave, layout_basic,
          ebering_ghost_funeral_grove, chequers_serial_rivers_micro_c,
          sword_in_stone
Temple:   regret_index_temple_sphere_string

Skill      XL: |  1  2  3  4  5  6  7  8  9 |
---------------+----------------------------+-----
Shields        | 4 5 7 9 |  9.0
Axes           | 3 4 5 6 7 9 |  9.4
Invocations    | 4 8 |  8.1
Fighting       | |  3.2
Armour         | |  3.2

Action                   |  1- 3 |  4- 6 |  7- 9 | 10-12 || total
-------------------------+-------+-------+-------+-------++-------
Melee: Spear             |    69 |   202 |   544 |    14 ||   829
       War axe           |     5 |       |       |       ||     5
Invok: Heroism           |       |       |     3 |       ||     3
 Abil: Shaft Self        |       |       |     3 |       ||     3
  Use: Scroll            |       |       |    12 |       ||    12
       Potion            |       |       |     4 |       ||     4
  Eat: Chunk             |       |     5 |    12 |     1 ||    18
       Ration            |       |       |     2 |       ||     2
Armor: Scale mail        |    32 |     5 |       |       ||    37
       Chain mail        |       |    60 |    26 |       ||    86
       Plate armour      |       |       |   107 |     4 ||   111
Dodge: Dodged            |    30 |    33 |    89 |     3 ||   155
Block: Shield            |    38 |    86 |   262 |     4 ||   390

Table legend:
 A = Non-vault XP
 B = Vault XP
 C = Vault XP percentage of total XP
 D = Non-vault monster count
 E = Vault monster count
 F = Vault count percentage of total count
                 A         B        C        D         E       F
            +---------+---------+-------+---------+---------+-------
      Total |    4051 |     224 |   5.2 |     152 |      31 |  16.9
            +---------+---------+-------+---------+---------+-------
        D:1 |      70 |       0 |   0.0 |      25 |       0 |   0.0
        D:2 |     137 |       0 |   0.0 |      27 |       0 |   0.0
        D:3 |     578 |     181 |  23.8 |      24 |      28 |  53.8
        D:4 |     384 |       0 |   0.0 |      22 |       0 |   0.0
        D:5 |     638 |       2 |   0.3 |      22 |       1 |   4.3
        D:6 |     381 |       0 |   0.0 |      13 |       0 |   0.0
        D:7 |     561 |      41 |   6.8 |       5 |       2 |  28.6
        D:8 |     755 |       0 |   0.0 |      12 |       0 |   0.0
       D:15 |     547 |       0 |   0.0 |       2 |       0 |   0.0
            +---------+---------+-------+---------+---------+-------
